 Dungeon Crawl Stone Soup version 0.31.0-9-g3a7656b989 (console) character file.

Game seed: 4328079577949012441

107 AlterAsc the Poker (level 4, 0/39 HPs)
             Began as a Minotaur Fighter on Jan 26, 2024.
             Killed from afar by Natasha (9 damage)
             ... with a magic dart
             ... on level 3 of the Dungeon.
             The game lasted 00:03:34 (1883 turns).

AlterAsc the Poker (Minotaur Fighter)               Turns: 1883, Time: 00:03:36

Health: 0/39       AC:  6    Str: 22    XL:     4   Next: 57%
Magic:  3/3        EV:  9    Int:  5    God:
Gold:   90         SH:  4    Dex: 10    Spells: 3/3 levels left

rFire   . . .        a - +0 trident
rCold   . . .        c - +0 buckler
rNeg    . . .        b - +0 scale mail
rPois   .            (helmet restricted)
rElec   .            (no cloak)
rCorr   .            (no gloves)
SInv    .            (no boots)
Will    +....        (no amulet) Stlth
                     k - ring of willpower
HPRegen 0.26/turn    (no ring)
MPRegen 0.08/turn

%: no passive effects
@: no status effects
A: horns 2, retaliatory headbutt
a: no special abilities


You were on level 3 of the Dungeon.
You visited 1 branch of the dungeon, and saw 3 of its levels.

You collected 90 gold pieces.

Inventory:

Hand Weapons
 a - a +0 trident (weapon)
Armour
 b - a +0 scale mail (worn)
 c - a +0 buckler (worn)
 r - a +0 ring mail
Jewellery
 k - a ring of willpower (left hand)
Scrolls
 e - a scroll of immolation {unknown}
 f - a scroll of revelation {unknown}
 i - 4 scrolls of vulnerability {unknown}
 j - 2 scrolls of fear {unknown}
 l - 2 scrolls of poison {unknown}
 m - a scroll of fog {unknown}
 n - 2 scrolls of teleportation {unknown}
 o - 2 scrolls of noise {unknown}
 p - 3 scrolls of identify {unknown}
 s - a scroll of torment {unknown}
Potions
 d - a potion of might
 g - 2 potions of degeneration {unknown}
 h - a potion of invisibility {unknown}
 q - a potion of curing {unknown}


   Skills:
 - Level 3.6 Fighting
 + Level 5.9 Polearms
 - Level 3.6 Armour
 - Level 3.6 Shields


You had 3 spell levels left.
You didn't know any spells.
Your spell library contained the following spells:

 Spells                   Type           Power      Damage    Failure   Level
 Necrotise                Necr           0%         1d4       86%         1
 Shock                    Conj/Air       0%         1d3       86%         1
 Swiftness                Air            0%         N/A       99%         3
 Vampiric Draining        Necr           0%         2d6       99%         3
 Airstrike                Air            0%         2d(0-16)  100%        4
 Martyr's Knell           Necr/Summ      0%         N/A       100%        4
 Curse of Agony           Necr           0%         N/A       100%        5


Dungeon Overview and Level Annotations

Branches:
Dungeon (3/15)

Altars:

Annotations:
D:1 1 transporter
D:3 Natasha


Innate Abilities, Weirdness & Mutations

You have a pair of horns on your head.
You reflexively headbutt those who attack you in melee.


Message History

You reach to attack!
You hit Natasha.
Natasha is heavily wounded.
The cerulean imp hits you with a +2 spear.
* * * LOW HITPOINT WARNING * * *
Reach: a) +0 trident
Press: ? - help, Dir - move target, f/p - Natasha
Aim: Natasha (heavily wounded, about 50% to evade your +0 trident)
The cerulean imp is in the way.
You miss the cerulean imp. You headbutt the cerulean imp.
The cerulean imp is moderately wounded.
The cerulean imp hits you with a +2 spear.
* * * LOW HITPOINT WARNING * * *
Reach: a) +0 trident
Press: ? - help, Dir - move target, f/p - Natasha
Aim: Natasha (heavily wounded, about 50% to evade your +0 trident)
You reach to attack!
You barely miss Natasha.
Natasha is heavily wounded.
The cerulean imp hits you but does no damage.
Reach: a) +0 trident
Press: ? - help, Dir - move target, f/p - Natasha
Aim: Natasha (heavily wounded, about 50% to evade your +0 trident)
You reach to attack!
You puncture Natasha!
Natasha is almost dead.
The cerulean imp hits you but does no damage.
Reach: a) +0 trident
Press: ? - help, Dir - move target, f/p - Natasha
Aim: Natasha (almost dead, about 50% to evade your +0 trident)
The cerulean imp is in the way.
You puncture the cerulean imp!
The cerulean imp is almost dead.
The cerulean imp hits you with a +2 spear.
* * * LOW HITPOINT WARNING * * *
Reach: a) +0 trident
Press: ? - help, Dir - move target, f/p - Natasha
Aim: Natasha (almost dead, about 50% to evade your +0 trident)
The cerulean imp is in the way.
You puncture the cerulean imp!
You kill the cerulean imp!
The cerulean imp disappears in a puff of smoke!
Natasha stares at you and mumbles some strange words.
The magic dart hits you!
You die...
Natasha curls up and begins to purr.

#.# ### #.#####
#.####### #.# #####
#.#.....# #.# ....#
#.#.###.# #.#
###.#####.#.# #.#
#.# #.........# #.#
#.##########
#######.### #.#
#..........# #.#
#.######..#######.#
#.# #...†.....#
#.#############.#
#.....h§@.......#
#################


You could see Natasha.

Vanquished Creatures
  5 adders
  A dart slug (D:3)
  4 orcs (D:3)
  3 bats
  4 endoplasms
  6 goblins
  5 hobgoblins
  4 jackals (D:2)
  6 kobolds
  5 quokkas
  3 ball pythons
  4 frilled lizards
  5 rats
55 creatures vanquished.

Notes
Turn   | Place    | Note
-------+----------+-------------------------------------------
     0 | D:1      | AlterAsc the Minotaur Fighter began the quest for the Orb.
     0 | D:1      | Reached XP level 1. HP: 19/19 MP: 0/0
   141 | D:1      | Reached skill level 3 in Polearms
   236 | D:1      | Reached XP level 2. HP: 26/26 MP: 1/1
   787 | D:2      | Reached skill level 4 in Polearms
   848 | D:2      | Reached XP level 3. HP: 31/31 MP: 2/2
  1030 | D:2      | Found a faded altar of an unknown god.
  1038 | D:2      | Reached skill level 5 in Polearms
  1230 | D:2      | Reached XP level 4. HP: 39/39 MP: 3/3
  1853 | D:3      | Noticed Natasha
  1883 | D:3      | Killed from afar by Natasha

Illustrated notes

Levels and vault maps discovered:
D:1:      spicycebolla_arrival_risky_transporter, layout_loops_ring,
          roderic_roman_lattice, grunt_decor_junction, minmay_misc_feat_roman,
          minivault_4
D:2:      layout_basic, basic_ecumenical_altar, nrook_uturn
D:3:      layout_loops_ring, nicolae_figureground_pulse, uniq_jessica,
          uniq_natasha

Skill      XL: |  1  2  3 |
---------------+----------+-----
Polearms       | 3 4 5 |  5.9
Fighting       | |  3.6
Armour         | |  3.6
Shields        | |  3.6

Action                     |  1- 3 |  4- 6 || total
---------------------------+-------+-------++-------
  Melee: Trident           |    94 |    73 ||   167
         Headbutt          |     2 |     6 ||     8
 Armour: Scale mail        |    38 |    39 ||    77
  Dodge: Dodged            |    24 |    21 ||    45
  Block: Buckler           |    23 |    15 ||    38
